AoeStats
← elhijochiquito

Arena

510378420Analyzed
4v4 RM · 1d ago on Sep 30, 2026· 46m 44s· 8 players
Game mode
Random Map
Map size
Large (8 player)
Population
200
Speed
Normal
Resources
Standard
Victory
Conquest
Starting age
Dark Age
Ending age
Imperial Age
RankedLock teamsTeams togetherTeam positionsShared explorationLock speedFull tech treeHidden civsTurbo modeCheats
Victory
Defeat
🇩🇪 Britons · Germany
1126
+15
🇹🇷 Cumans · Türkiye
1120
+15
🇩🇪 Spanish · Germany
1094
+16
🇪🇸 Byzantines · Spain
1086
+16
🇦🇺 Malay · Australia
1125
-17
🇨🇴 Turks · Colombia
1106
-16
🇦🇷 Danes · Argentina
1098
-16
🇩🇪 Berbers · Germany
1044
-13
Pr8feSS8r
11:42 Feudal Age
15:43 Castle Age
13:43 Double-Bit Axe
14:02 Horse Collar
20:54 Bow Saw
21:10 Forging
22:54 Iron Casting
23:53 Scale Barding Armor
23:40 Loom
25:41 Gold Mining
27:34 Chain Barding Armor
28:49 Heavy Plow
31:44 Wheelbarrow
35:57 Imperial Age
34:46 Gold Shaft Mining
35:11 Hand Cart
36:27 Stone Mining
36:31 Capped Ram
37:03 Light Cavalry
38:21 Plate Barding Armor
38:00 Loom
38:27 Scale Mail Armor
37:53 Elite Varangian Guard
40:39 Conscription
40:55 Squires
41:18 Chain Mail Armor
42:07 Stone Shaft Mining
43:28 Hoardings
44:11 Plate Mail Armor
43:32 Arson
43:45 Gambesons
45:18 Murder Holes
46:58 Logistica
Bector
10:41 Feudal Age
14:28 Castle Age
12:41 Double-Bit Axe
12:55 Horse Collar
14:37 Loom
22:08 Gold Mining
22:27 Heavy Plow
23:53 Bow Saw
26:53 Wheelbarrow
30:59 Imperial Age
29:43 Bloodlines
29:33 Husbandry
29:48 Scale Barding Armor
29:53 Forging
31:10 Cavalier
32:20 Chain Barding Armor
32:36 Iron Casting
32:37 Conscription
33:06 Iron Casting
34:08 Plate Barding Armor
41:32 Paladin
Fµ Ða BÎM§® König
9:11 Loom
11:21 Feudal Age
12:04 Double-Bit Axe
12:05 Horse Collar
14:55 Castle Age
15:38 Town Watch
16:00 Stone Mining
17:10 Bow Saw
18:23 Heavy Plow
21:52 Wheelbarrow
25:10 Hand Cart
25:08 Fletching
25:19 Padded Archer Armor
26:41 Gold Mining
29:58 Imperial Age
28:32 Leather Archer Armor
28:18 Bodkin Arrow
30:25 Gold Shaft Mining
29:57 Scale Barding Armor
30:03 Forging
29:54 Scale Mail Armor
29:19 Pikeman
30:00 Squires
29:45 Arson
29:52 Crossbowman
29:53 Elite Skirmisher
31:10 Conscription
31:27 Bracer
31:51 Ballistics
32:33 Chemistry
31:46 Elite Longbowman
33:20 Yeomen
33:17 Warwolf
33:46 Chain Barding Armor
36:51 Two-Man Saw
36:23 Ring Archer Armor
37:13 Light Cavalry
37:54 Husbandry
38:30 Plate Barding Armor
38:31 Iron Casting
38:12 Chain Mail Armor
42:20 Blast Furnace
41:52 Plate Mail Armor
44:20 Capped Ram
44:21 Onager
44:21 Heavy Scorpion
45:12 Siege Engineers
44:48 Treadmill Crane
45:18 Masonry
tataglia
9:04 Loom
11:04 Feudal Age
11:54 Double-Bit Axe
11:51 Horse Collar
13:43 Wheelbarrow
20:06 Castle Age
24:58 Imperial Age
22:58 Bloodlines
23:04 Scale Barding Armor
24:16 Chain Barding Armor
24:04 Gold Mining
24:44 Heavy Plow
26:53 Bow Saw
27:30 Town Watch
28:30 Forging
30:12 Elite Steppe Lancer
33:30 Plate Barding Armor
33:31 Iron Casting
33:19 Hand Cart
34:30 Stone Mining
35:19 Conscription
35:01 Steppe Husbandry
37:34 Blast Furnace
36:30 Light Cavalry
39:20 Gold Shaft Mining
39:31 Fletching
41:08 Ballistics
41:51 Chemistry
40:54 Bodkin Arrow
41:01 Padded Archer Armor
44:27 Hussar
P. Büchner
10:32 Feudal Age
14:29 Castle Age
13:54 Double-Bit Axe
13:53 Horse Collar
16:27 Bow Saw
20:06 Heavy Plow
22:17 Wheelbarrow
30:01 Imperial Age
27:01 Pikeman
31:16 Imperial Age
30:36 Hand Cart
32:10 Scale Barding Armor
32:16 Forging
32:35 Heavy Camel Rider
34:15 Bloodlines
35:14 Chain Barding Armor
35:30 Iron Casting
34:47 Fletching
35:44 Husbandry
38:04 Gold Mining
38:05 Stone Mining
38:06 Loom
38:07 Town Watch
37:51 Light Cavalry
40:26 Hussar
42:02 Plate Barding Armor
43:08 Blast Furnace
42:40 Capped Ram
HaakonFloKSven
11:02 Feudal Age
12:26 Wheelbarrow
11:40 Double-Bit Axe
11:42 Horse Collar
17:08 Castle Age
15:30 Stone Mining
17:08 Loom
26:53 Fletching
27:38 Scale Mail Armor
Pepim14
12:32 Feudal Age
10:48 Loom
16:11 Castle Age
14:49 Double-Bit Axe
14:47 Horse Collar
15:00 Gold Mining
16:30 Town Watch
17:23 Wheelbarrow
17:11 Bow Saw
22:16 Heavy Plow
23:28 Hand Cart
28:18 Scale Mail Armor
28:28 Forging
27:46 Pikeman
32:56 Imperial Age
31:20 Squires
32:05 Iron Casting
31:46 Chain Mail Armor
31:20 Gambesons
31:21 Arson
33:08 Halberdier
34:16 Capped Ram
36:35 Elite Varangian Guard
38:14 Plate Mail Armor
38:45 Blast Furnace
37:46 Siege Ram
43:06 Gold Shaft Mining
42:26 Onager
43:31 Ballistics
43:46 Conscription
43:54 Heavy Scorpion
elhijochiquito
12:14 Feudal Age
17:02 Castle Age
15:08 Double-Bit Axe
15:25 Horse Collar
17:35 Wheelbarrow
18:08 Bow Saw
22:03 Squires
24:02 Heavy Plow
24:01 Fletching
24:36 Squires
24:51 Pikeman
27:42 Hand Cart
29:49 Bodkin Arrow
34:11 Imperial Age
32:24 Ballistics
32:00 Murder Holes
31:47 Treadmill Crane
32:52 Padded Archer Armor
33:11 Masonry
35:25 Elite Genitour
37:19 Halberdier
43:37 Bracer
43:54 Leather Archer Armor
Connection lost

Rejoining the realm…

Still unreachable

The connection could not be restored.

Session expired

The server has moved on; the page needs a fresh start.